 Dungeon Crawl Stone Soup version 0.17.1-3-g152610e (webtiles) character file.

119 scamaz the Ruffian (level 4, 0/44 HPs)
             Began as a Troll Monk on Apr 8, 2016.
             Was a Believer of Okawaru.
             Slain by Grinder (6 damage)
             ... on level 4 of the Dungeon.
             The game lasted 00:05:08 (1554 turns).

scamaz the Ruffian (Troll Monk)                     Turns: 1554, Time: 00:05:08

Health: 0/44       AC:  6    Str: 19    XL:     4   Next: 73%
Magic:  3/3        EV: 10    Int:  6    God:    Okawaru [**....]
Gold:   81         SH:  0    Dex: 13    Spells: 0 memorised, 3 levels left

rFire  . . .     SeeInvis .       - Unarmed
rCold  . . .     Clarity  .     a - +1 robe
rNeg   . . .     SustAt   .     (no shield)
rPois  .         Gourm    +     (helmet restricted)
rElec  .         Spirit   .     (no cloak)
rCorr  .         Warding  .     (gloves unavailable)
rMut   .         Stasis   .     (boots unavailable)
MR     .....                    (no amulet)
Stlth  +.........               (no ring)
                                (no ring)

@: not resistant to hostile enchantments, very unstealthy
A: unfitting armour, claws 3, fast metabolism 3, gourmand, regeneration 2,
shaggy fur 1, tough skin 2
a: Heroism, Renounce Religion


You were on level 4 of the Dungeon.
You worshipped Okawaru.
Okawaru was pleased with you.
You were hungry.

You visited 2 branches of the dungeon, and saw 5 of its levels.

You collected 81 gold pieces.

Inventory:

Hand Weapons
 h - a +0 hunting sling
Missiles
 i - 29 stones (quivered)
Armour
 a - a +1 robe (worn)
 e - a +0 ring mail
Scrolls
 c - 3 scrolls of identify
Comestibles
 b - a bread ration
 d - a royal jelly
 f - a meat ration
 g - 3 fruits
 j - a slice of pizza


   Skills:
 - Level 2.7 Fighting
 - Level 2.7 Dodging
 - Level 1.1 Stealth
 + Level 5.8 Unarmed Combat
 + Level 0.0 Invocations


You had 3 spell levels left.
You didn't know any spells.

Dungeon Overview and Level Annotations

Branches:
Dungeon (4/15)             Temple (1/1) D:4

Altars:
Ashenzari
Cheibriados
Elyvilon
Gozag
Okawaru
Vehumet
Yredelemnul
Zin
The Shining One

Annotations:
D:3 Robin
D:4 Grinder


Innate Abilities, Weirdness & Mutations

You are too large for most types of armour.
You have claws for hands.
Your metabolism is lightning-fast.
You like to eat raw meat.
You heal very quickly.
You are covered in fur (AC +1).
You have very tough skin (AC +2).


Message History

Grinder is lightly wounded.
You claw Grinder!
Grinder is moderately wounded.
Grinder hits you.
You writhe in agony.
You writhe in agony.
You barely miss Grinder.
Grinder is moderately wounded.
Grinder hits you!
You writhe in agony.
You closely miss Grinder.
Grinder is moderately wounded.
Grinder hits you.
You writhe in agony.
You aren't carrying any potions.
Unknown command.
Read which item? (? for menu, Esc to quit)
As you read the scroll labeled SAMPE LINK, it crumbles to dust.
It is a scroll of enchant armour.
Enchant which item? (? for menu, Esc to quit)
Your +0 robe glows green for a moment.
Grinder hits you!
* * * LOW HITPOINT WARNING * * *
You writhe in agony.
You die...

...... .....#+# .....#.# #.#
.......# .#.. .......#
######+###+#... .......#
.............# .......#
.............+ .......#
......5@)....### ..###..#
######+#........ ..#
#..########.#.######.# ..#
#........##.#........ ..#
##.#####.##.#....##### ..#
#..# #.##.#........# ..#
##.## #.##.#.#......#
..#####..###'##.#.##..####.#
#...........#.#...<.......


You could see Grinder.

Vanquished Creatures
  A worker ant (D:4)
  5 adders
  A worm (D:2)
  4 giant geckos
  6 goblins
  4 hobgoblins (D:1)
  10 bats
  4 kobolds
  8 rats
43 creatures vanquished.

Notes
Turn   | Place    | Note
--------------------------------------------------------------
     0 | D:1      | scamaz the Troll Monk began the quest for the Orb.
     0 | D:1      | Reached XP level 1. HP: 22/22 MP: 0/0
   192 | D:1      | Reached XP level 2. HP: 25/29 MP: 1/1
   620 | D:2      | Reached XP level 3. HP: 34/36 MP: 2/2
   936 | D:2      | You fall through a shaft!
   988 | D:3      | Reached skill level 5 in Unarmed Combat
   997 | D:3      | Noticed a hungry ghost
  1063 | D:3      | Reached XP level 4. HP: 29/44 MP: 3/3
  1083 | D:3      | Noticed Robin
  1280 | D:4      | Found a snail-covered altar of Cheibriados.
  1304 | D:4      | Found a radiant altar of Vehumet.
  1327 | D:4      | Found a staircase to the Ecumenical Temple.
  1345 | Temple   | Entered the Ecumenical Temple
  1432 | Temple   | Became a worshipper of Warmaster Okawaru
  1432 | Temple   | Reached * piety under Okawaru
  1432 | Temple   | Reached ** piety under Okawaru
  1543 | D:4      | Noticed Grinder
  1554 | D:4      | Slain by Grinder

Action                   |  1- 3 |  4- 6 || total
-------------------------+-------+-------++-------
Melee: Unarmed           |   114 |    22 ||   136
Throw: Stone             |     6 |       ||     6
  Use: Scroll            |     2 |     1 ||     3
       Potion            |     1 |       ||     1
 Stab: Sleeping          |     3 |       ||     3
  Eat: Chunk             |     8 |     2 ||    10
       Bread ration      |     1 |     1 ||     2
